 Dungeon Crawl Stone Soup version 0.31-a0-795-g5eb97db (webtiles) character file.

Game seed: 2000178177776124777

141 BarneyGumball the Shooter (level 5, -1/25 HPs)
             Began as a Spriggan Hexslinger on Sept 18, 2023.
             Killed by nerve-wracking pain
             ... invoked by Jessica
              (13 damage)
             ... on level 3 of the Dungeon.
             The game lasted 00:08:10 (1812 turns).

BarneyGumball the Shooter (Spriggan Hexslinger)     Turns: 1812, Time: 00:08:10

Health: -1/25      AC:  0    Str:  4    XL:     5   Next: 3%
Magic:  8/8        EV: 15    Int: 14    God:
Gold:   64         SH:  0    Dex: 20    Spells: 6/6 levels left

rFire   . . .        a - melded +1 sling
rCold   . . .        (shield currently unavailable)
rNeg    . . .        c - melded +0 robe
rPois   .            (helmet currently unavailable)
rElec   .            (cloak currently unavailable)
rCorr   .            (gloves unavailable)
SInv    +            (boots unavailable)
Will    .....        d - amulet of regeneration
Stlth   +++          (ring currently unavailable)
HPRegen 1.04/turn    (ring currently unavailable)
MPRegen 0.11/turn

%: no passive effects
@: pig-form (expiring), very quick
A: fast, no casting, small, no large weapons, unfitting armour, see invisible,
(speed 3)
a: no special abilities


You were on level 3 of the Dungeon.
You were a filthy swine.
You visited 1 branch of the dungeon, and saw 3 of its levels.

You collected 64 gold pieces.

Inventory:

Hand Weapons
 a - a +1 sling (melded)
Armour
 c - a +0 robe (melded)
Jewellery
 d - an amulet of regeneration (around neck)
Scrolls
 l - a scroll of blinking {unknown}
 n - a scroll of noise {unknown}
Potions
 e - a potion of heal wounds
 f - a potion of enlightenment {unknown}
 h - a potion of mutation {unknown}
 i - a potion of berserk rage {unknown}
 j - a potion of magic {unknown}
 m - 2 potions of resistance {unknown}


   Skills:
 - Level 0.7 Fighting
 + Level 4.5 Ranged Weapons
 - Level 2.6 Dodging
 - Level 4.0 Stealth
 - Level 1.3 Spellcasting
 - Level 3.6 Hexes
 - Level 0.7 Fire Magic


You had 6 spell levels left.
You didn't know any spells.
Your spell library contained the following spells:

 Spells                   Type           Power      Damage    Failure   Level
 Jinxbite                 Hex            22%        N/A       9%          2
 Sigil of Binding         Hex            11%        N/A       17%         3
 Inner Flame              Hex/Fire       7%         N/A       30%         3
 Cause Fear               Hex            5%         N/A       50%         4
 Dimensional Bullseye     Hex/Tloc       3%         N/A       77%         4


Dungeon Overview and Level Annotations

Branches:
Dungeon (3/15)

Altars:
Gozag

Annotations:
D:3 rf robe sigmund, 1 runed translucent door, Crazy Yiuf, Jessica, Sigmund


Innate Abilities, Weirdness & Mutations

You are a filthy swine.
You move quickly.
Your equipment is almost entirely melded.
You are incapable of wielding weapons or throwing items.
You cannot cast spells.
You are very small and have problems with some larger weapons.
You are too small for most types of armour.
You have supernaturally acute eyesight. (SInv)
((You cover ground extremely quickly. (Speed+++)))


Message History

The orc is severely wounded.
You feel sick.
Jessica mumbles some strange words.
Jessica blinks!
The orc misses you.
You hit the orc but do no damage.
The orc is severely wounded.
You feel sick.
Jessica gestures wildly while chanting.
Jessica blinks!
The orc barely misses you.
You hit the orc but do no damage.
The orc is severely wounded.
Jessica gestures at you while chanting. You resist with almost no effort.
The orc completely misses you.
You completely miss the orc.
The orc is severely wounded.
You feel sick. The orc hits you with a +0 short sword.
You closely miss the orc.
The orc is severely wounded.
Your transformation is almost over.
You feel sick.
You are no longer poisoned.
Jessica gestures wildly while chanting.
Jessica blinks!
The orc hits you with a +0 short sword.
You hit the orc.
The orc is almost dead.
The orc barely misses you.
You hit the orc but do no damage.
The orc is almost dead.
You hit the orc but do no damage.
The orc is almost dead.
The orc hits you with a +0 short sword.
You hit the orc but do no damage.
The orc is almost dead.
The orc hits you with a +0 short sword.
You hit the orc.
You kill the orc!
Jessica gestures at you while chanting. Pain shoots through your body!
Ouch! That really hurt!
You die...

##)# #[. #
#.# ##..## .
#.#####..# #
#......#.# #
##........# #
#.(.......###
#
#...........#
#.........#
#h)..<....#
#.........#
##...........
.........>###
##.........#
###...
#.@.......##
...§..
#..........#
§§≈≈..
#.....(.....
≈≈≈§≈.
#.......#


You could see Jessica (fast).

Vanquished Creatures
  Natasha (thrice) (D:2)
  An ufetubus (D:2)
  2 dart slugs
  4 orcs (D:3)
  5 bats
  5 endoplasms
  5 giant cockroaches
  3 goblins
  5 hobgoblins
  4 jackals (D:2)
  2 quokkas
  3 ball pythons
  A frilled lizard (D:1)
  4 kobolds
  4 rats
51 creatures vanquished.

Notes
Turn   | Place    | Note
-------+----------+-------------------------------------------
     0 | D:1      | BarneyGumball the Spriggan Hexslinger began the quest for
                  | the Orb.
     0 | D:1      | Reached XP level 1. HP: 9/9 MP: 3/3
    64 | D:1      | Reached skill level 1 in Stealth
   126 | D:1      | Reached XP level 2. HP: 14/14 MP: 5/5
   729 | D:2      | Reached XP level 3. HP: 17/17 MP: 6/6
   801 | D:2      | Noticed Natasha
   881 | D:2      | Killed Natasha
   954 | D:2      | Noticed Natasha
  1043 | D:2      | Killed Natasha
  1044 | D:2      | Reached XP level 4. HP: 21/21 MP: 7/7
  1072 | D:2      | Noticed Natasha
  1130 | D:2      | Killed Natasha
  1429 | D:3      | Noticed Jessica
  1497 | D:3      | Found an opulent altar of Gozag.
  1713 | D:3      | Noticed Sigmund
  1760 | D:3      | Reached XP level 5. HP: 25/25 MP: 8/8
  1778 | D:3      | Found a runed translucent door.
  1778 | D:3      | Noticed Crazy Yiuf
  1812 | D:3      | Killed from afar by Jessica

Illustrated notes

Levels and vault maps discovered:
D:1:      dpeg_arrival_stonehenge_8_columns, layout_rooms
D:2:      layout_basic, bh_walls_and_bars, uniq_natasha
D:3:      minmay_roachtagon, layout_rooms, mainiacjoe_overflow_catwalk,
          uniq_crazy_yiuf_cottage, uniq_sigmund, uniq_jessica

Skill      XL: |  1  2  3  4 |
---------------+-------------+-----
Stealth        | 2 3 4 |  4.0
Ranged Weapons | 3 4 |  4.5
Fighting       | |  0.7
Dodging        | |  2.6
Spellcasting   | |  1.3
Hexes          | |  3.6
Fire Magic     | |  0.7

Action                     |  1- 3 |  4- 6 || total
---------------------------+-------+-------++-------
  Melee: Unarmed           |       |    16 ||    16
   Fire: Sling             |   106 |    84 ||   190
    Use: Scroll            |     1 |     4 ||     5
         Potion            |       |     1 ||     1
 Armour: Robe              |    16 |    24 ||    40
         Skin              |       |     7 ||     7
  Dodge: Dodged            |    32 |    47 ||    79

Table legend: (Time is in decaauts)
 A = Elapsed time spent in this place.
 B = Non-inter-level travel time spent in this place.
 C = Inter-level travel time spent in this place.
 D = Time resting spent in this place.
 E = Time spent auto-exploring this place.
 F = Levels seen in this place.
 G = Mean time per level.
                   A        B        C        D        E       F      G
               +--------+--------+--------+--------+--------+-----+--------+
         Total |   1264 |   1138 |    126 |     34 |    551 |   3 |  421.3 |
       Dungeon |   1264 |   1138 |    126 |     34 |    551 |   3 |  421.3 |
               +--------+--------+--------+--------+--------+-----+--------+

Top non-repeatable levels by time:
     D:2: 812 daAuts
     D:1: 294 daAuts
     D:3: 157 daAuts
